 Dungeon Crawl Stone Soup version 0.30-a0-297-g0ec75d9ef4 (webtiles) character file.

Game seed: 6852245303207308898

5436 koil the Covert (level 10, -1/51 HPs)
             Began as a Spriggan Enchanter on Oct 20, 2022.
             Was a High Priest of Jiyva.
             Slain by a tengu warrior
             ... wielding a +3 broad axe of freezing
              (13 damage)
             ... on level 9 of the Dungeon.
             The game lasted 00:37:35 (7862 turns).

koil the Covert (Spriggan Enchanter)                Turns: 7862, Time: 00:37:35

Health: -1/51      AC:  2    Str:  4    XL:     10   Next: 41%
Magic:  17/22      EV: 29    Int: 18    God:    Jiyva [*****.]
Gold:   280        SH:  0    Dex: 25    Spells: 6/24 levels left

rFire   . . .      SeeInvis +    d - +1 dagger (venom)
rCold   + . .      Faith    .    (no shield)
rNeg    . . .      Spirit   .    b - +0 robe
rPois   .          Reflect  .    (helmet restricted)
rElec   .          Harm     .    (no cloak)
rCorr   +          Rampage  .    (gloves unavailable)
Will    ++++.                    (boots unavailable)
Stlth   ++++++++..               (no amulet)
HPRegen 1.72/turn                r - ring of protection from cold
MPRegen 0.63/turn                x - +4 ring of evasion

@: very quick
A: very small, no large weapons, unfitting armour, see invisible, speed 3, thin
skeletal structure 3, strong-willed 3, wild magic 1, acidic bite
a: Renounce Religion, Oozemancy, Slimify


You were on level 9 of the Dungeon.
You worshipped Jiyva.
Jiyva was extremely pleased with you.
You visited 2 branches of the dungeon, and saw 10 of its levels.
You also visited: Bailey.

You collected 280 gold pieces.

Inventory:

Hand Weapons
 d - a +1 dagger of venom (weapon)
 w - a +4 arbalest
 z - the +6 spear "Ryuj" {flame, rPois Int+6}
   (You took it off a spriggan on level 8 of the Dungeon)

   It burns those it strikes, dealing additional fire damage.
   Int:       It affects your intelligence (+6).
   rPois:     It protects you from poison.
Missiles
 n - 4 atropa-tipped darts
 s - 10 poisoned darts (quivered)
 t - 3 throwing nets
Armour
 b - a +0 robe (worn)
Jewellery
 r - a ring of protection from cold (left hand)
 x - a +4 ring of evasion (right hand)
Wands
 u - a wand of iceblast (10)
Scrolls
 a - 6 scrolls of identify
 f - 3 scrolls of blinking {unknown}
 i - a scroll of teleportation
 j - 2 scrolls of brand weapon
 l - a scroll of acquirement {unknown}
 o - 2 scrolls of fog
 p - 2 scrolls of enchant armour {unknown}
 v - a scroll of magic mapping {unknown}
 y - 3 scrolls of enchant weapon
Potions
 c - 2 potions of invisibility
 e - 2 potions of magic {unknown}
 g - 3 potions of curing {unknown}
 h - 2 potions of haste {unknown}
 k - 5 potions of might
 m - a potion of resistance
 q - 3 potions of ambrosia


   Skills:
 + Level 4.9 Fighting
 + Level 6.6 Short Blades
 + Level 8.2 Dodging
 + Level 10.3 Stealth
 + Level 7.9 Spellcasting
 + Level 8.0 Hexes
 + Level 2.6 Summonings
 + Level 4.2 Transmutations


You had 6 spell levels left.
You knew the following spells:

 Your Spells              Type           Power      Damage    Failure   Level
a - Ensorcelled Hibernat  Hex/Ice        56%        N/A       4%          2
b - Confusing Touch       Hex            47%        N/A       2%          3
c - Dazzling Flash        Conj/Hex       56%        N/A       9%          3
d - Summon Guardian Gole  Hex/Summ       34%        N/A       5%          3
e - Dragon Form           Tmut           14%        N/A       100%        7

Your spell library contained the following spells:

 Spells                   Type           Power      Damage    Failure   Level
 Tukima's Dance           Hex            47%        N/A       2%          3
 Summon Small Mammal      Summ           84%        N/A       5%          1
 Cause Fear               Hex            23%        N/A       6%          4
 Call Canine Familiar     Summ           21%        N/A       14%         3
 Vhi's Electric Charge    Tloc/Air       18%        N/A       38%         3
 Summon Lightning Spire   Summ/Air       15%        N/A       58%         4
 Arcjolt                  Conj/Air       4%         1d14      97%         5
 Storm Form               Tmut/Air       9%         N/A       100%        7
 Maxwell's Capacitive Co  Air            4%         ∞         100%        8
 Dragon's Call            Summ           10%        N/A       100%        9


Dungeon Overview and Level Annotations

Branches:
Dungeon (9/15)             Temple (1/1) D:4            Lair (0/5) D:8
 Bailey (visited)
    Orc: D:9-12

Altars:
Ashenzari
Elyvilon
Fedhas
Gozag
Kikubaaqudgha
Qazlal
Ru
Sif Muna
Trog
Uskayaw
Yredelemnul
The Shining One
Jiyva

Shops:
D:5 (


Innate Abilities, Weirdness & Mutations

You are very small and have problems with some larger weapons.
You are too small for most types of armour.
You have supernaturally acute eyesight. (SInv)
You cover ground extremely quickly. (Speed+++)
You have an unnaturally thin skeletal structure. (Dex +6, Stealth+++)
You are extremely strong-willed. (Will+++)
Your spells are a little harder to cast, but a little more powerful.
You have acidic saliva.


Message History

The tengu warrior barely misses you. The tengu warrior misses you.
Unknown command.
The orc warrior shouts!
You hit the gnoll bouda but do no damage.
The orc warrior hits you from afar with a +0 glaive!
The gnoll bouda misses you.
You barely miss the gnoll bouda.
The tengu warrior hits you with a +3 broad axe of freezing!
* * * LOW HITPOINT WARNING * * *
You shudder from the blow and a jelly pops out!
The tengu warrior misses you. The tengu warrior claws you.
* * * LOW HITPOINT WARNING * * *
Your surroundings suddenly seem different.
A two-headed ogre comes into view.
It is wielding a +0 giant club and a +0 dire flail.
Casting: Ensorcelled Hibernation (safe; 4% risk of failure)
Confirm with . or Enter, or press ? or * to list all spells.
Okay, then.
Casting: Ensorcelled Hibernation (safe; 4% risk of failure)
Confirm with . or Enter, or press ? or * to list all spells.
A guardian golem appears, shielding your allies.
Something hits your acid blob!
The tengu warrior completely misses you.
The tengu warrior hits your acid blob with a +3 broad axe of freezing!
The tengu warrior freezes your acid blob.
The tengu warrior is burned by acid!
The tengu warrior pecks you.
* * * LOW HITPOINT WARNING * * *
The tengu warrior claws you.
* * * LOW HITPOINT WARNING * * *
Your acid blob hits the tengu warrior!
The tengu warrior is splashed with acid!
The acid corrodes the tengu warrior!
A queen bee and a howler monkey simulacrum come into view.
Your attacks no longer feel as feeble.
The queen bee changes into a black bear!
Something hits your acid blob!
The howler monkey simulacrum moves out of view.
Okay, then.
You swap places.
The tengu warrior hits you with a +3 broad axe of freezing!
You die... ...... #♣ #...Ph# ♣# ..♣ ...~... ♣.. ♣.###... .###.♣ ♣.....h .....♣ ♣...O.# u....♣ ♣PPP..# ooPPP♣ ♣P~P.Q###).P~P♣ ♣PPP9J@♣§g[PPP♣

♣♣♣♣♣♣♣g♣♣♣♣♣♣♣ ####.# ####
♣♣).♣.♣ ♣♣..♣ ...
#♣♣♣..♣♣.♣♣♣..♣♣# ..###.
.....###.♣..♣♣♣.♣♣..♣♣.# ......
.......#♣..♣♣♣♣.♣..♣♣.♣###..#..
.......#.............♣♣##......
##.....########.########.......


You could see a tengu warrior (corroded), a two-headed ogre, a gnoll bouda (ally
target), a friendly acid blob (summoned, sheltered) and a friendly guardian
golem (summoned).

Vanquished Creatures
  Prince Ribbit (D:7)
  A spriggan (D:8)
  4 yaks
  An ice beast (D:7)
  5 orc warriors (Bailey)
  2 black bears
  4 sky beasts
  4 centaurs
  Blork the orc (D:4)
  2 bullfrogs (D:9)
  2 gnoll sergeants
  3 scorpions
  4 killer bees
  2 howler monkeys (D:8)
  2 gnoll boudas
  3 orc priests
  2 hounds (D:5)
  5 jellies (D:1)
  2 iguanas
  5 orc wizards
  Robin (D:2)
  12 gnolls
  8 adders
  3 white imps (D:6)
  An ufetubus (D:7)
  A worm (D:4)
  2 dart slugs
  34 orcs
  6 ball pythons
  9 endoplasms (D:1)
  2 giant cockroaches
  10 goblins
  6 hobgoblins
  12 jackals
  9 kobolds
  4 quokkas
  A bat (D:1)
  4 frilled lizards
  6 rats (D:1)
186 creatures vanquished.

Vanquished Creatures (collateral kills)
  The ghost of Iusername the Blocker, a novice MiFi (D:8)
  An orc knight (Bailey)
  2 spriggans (D:8)
  2 orc warriors
  A black bear (D:8)
  A wolf (D:8)
  An orc priest (D:7)
  3 orc wizards
  2 orcs
14 creatures vanquished.

Vanquished Creatures (others)
  A phantom (D:5)
  A killer bee (D:9)
  4 howler monkeys (D:8)
  6 jellies
  An orc priest (D:4)
  A gnoll bouda (D:5)
  An orc wizard (D:8)
  5 gnolls
  4 adders
  A dart slug (D:3)
  6 orcs
  A bat (D:3)
  An endoplasm (D:4)
  A hobgoblin (D:3)
  2 jackals (D:3)
  A kobold (D:9)
  4 goblins (D:8)
  A rat (D:3)
  13 plants
55 creatures vanquished.

Grand Total: 255 creatures vanquished

Notes
Turn   | Place    | Note
-------+----------+-------------------------------------------
     0 | D:1      | koil the Spriggan Enchanter began the quest for the Orb.
     0 | D:1      | Reached XP level 1. HP: 9/9 MP: 5/5
    54 | D:1      | Found a large runed translucent door.
    54 | D:1      | Found a large runed translucent door.
    54 | D:1      | Found a viscous altar of Jiyva.
    84 | D:1      | Noticed a jelly
    84 | D:1      | Noticed a jelly
    84 | D:1      | Noticed a jelly
    85 | D:1      | Noticed a jelly
    86 | D:1      | Noticed a jelly
   122 | D:1      | Reached XP level 2. HP: 13/13 MP: 6/6
   125 | D:1      | Learned a level 2 spell: Ensorcelled Hibernation
   391 | D:1      | Found a faded altar of an unknown god.
   769 | D:1      | Reached XP level 3. HP: 17/17 MP: 3/8
   801 | D:1      | Reached skill level 5 in Stealth
   803 | D:1      | Reached skill level 1 in Fighting
   863 | D:1      | Reached XP level 4. HP: 22/22 MP: 0/10
  1245 | D:1      | Reached XP level 5. HP: 25/25 MP: 7/11
  1318 | D:1      | Became a worshipper of Jiyva Jienu the Shapeless
  1497 | D:2      | Identified the +1 trident of Hubris {venom, rPois Dex+2}
  1623 | D:2      | Noticed Robin
  1638 | D:2      | Killed Robin
  1709 | D:2      | Reached * piety under Jiyva
  2254 | D:3      | Noticed a black bear
  2268 | D:3      | Killed a black bear
  2269 | D:3      | Reached XP level 6. HP: 30/30 MP: 9/13
  2287 | D:3      | Learned a level 3 spell: Confusing Touch
  2391 | D:3      | Reached ** piety under Jiyva
  2822 | D:4      | Reached skill level 6 in Stealth
  2868 | D:4      | Found a staircase to the Ecumenical Temple.
  2872 | D:4      | Reached skill level 5 in Hexes
  3001 | D:4      | Noticed Blork the orc
  3008 | D:4      | Killed Blork the orc
  3009 | D:4      | Reached XP level 7. HP: 35/35 MP: 13/15
  3021 | D:4      | Reached *** piety under Jiyva
  3077 | D:4      | Gained mutation: You have acidic saliva. [Jiyva's grace]
  3077 | D:4      | Gained mutation: You have a somewhat thin skeletal
                  | structure. (Dex +2, Stealth+) [Jiyva's grace]
  3077 | D:4      | Gained mutation: You have a moderately thin skeletal
                  | structure. (Dex +4, Stealth++) [Jiyva's grace]
  3077 | D:4      | Gained mutation: You have an unnaturally thin skeletal
                  | structure. (Dex +6, Stealth+++) [Jiyva's grace]
  3508 | Temple   | Entered the Ecumenical Temple
  3867 | D:5      | Entered Level 5 of the Dungeon
  3909 | D:5      | Reached skill level 5 in Dodging
  3909 | D:5      | Reached skill level 5 in Spellcasting
  4239 | D:5      | Reached skill level 7 in Stealth
  4406 | D:5      | Reached **** piety under Jiyva
  4447 | D:5      | Found Onivugoef's Weapon Boutique.
  4879 | D:6      | Reached XP level 8. HP: 39/39 MP: 17/17
  4906 | D:6      | Learned a level 3 spell: Dazzling Flash
  4960 | D:6      | Reached skill level 8 in Stealth
  5773 | D:7      | Reached ***** piety under Jiyva
  5793 | D:7      | Noticed Prince Ribbit
  5798 | D:7      | Killed Prince Ribbit
  5799 | D:7      | Reached skill level 5 in Short Blades
  5805 | D:7      | Reached XP level 9. HP: 45/45 MP: 10/19
  5827 | D:7      | Learned a level 3 spell: Summon Guardian Golem
  5835 | D:7      | Learned a level 7 spell: Dragon Form
  6076 | D:7      | Reached skill level 9 in Stealth
  6076 | D:7      | Reached skill level 1 in Transmutations
  6322 | D:7      | Gained mutation: You are strong-willed. (Will+) [Jiyva's
                  | grace]
  6322 | D:7      | Gained mutation: You are highly strong-willed. (Will++)
                  | [Jiyva's grace]
  6322 | D:7      | Gained mutation: You are extremely strong-willed. (Will+++)
                  | [Jiyva's grace]
  6322 | D:7      | Gained mutation: Your spells are a little harder to cast,
                  | but a little more powerful. [Jiyva's grace]
  6486 | D:8      | Found a runed translucent door.
  6489 | D:8      | Noticed Iusername's ghost (novice MiFi)
  6681 | D:8      | Found a flagged portal.
  6690 | Bailey   | Entered a bailey
  6805 | Bailey   | Reached skill level 1 in Summonings
  6880 | Bailey   | Noticed an orc knight
  6885 | Bailey   | Killed an orc knight
  7039 | D:8      | Found a staircase to the Lair.
  7523 | D:8      | Identified the +6 spear "Ryuj" {flame, rPois Int+6}
  7539 | D:8      | Killed Iusername's ghost
  7540 | D:8      | Reached XP level 10. HP: 25/51 MP: 22/22
  7547 | D:8      | Reached skill level 10 in Stealth
  7833 | D:9      | Noticed a purple ugly thing
  7854 | D:9      | Noticed a tengu warrior
  7858 | D:9      | Noticed a two-headed ogre
  7862 | D:9      | Slain by a tengu warrior

Illustrated notes

Levels and vault maps discovered:
D:1:      erik_arrival_cave_to_civilisation [erik_arrival_cave_to_temple],
          layout_basic, shapermc_ecumenical_altar_pompeii, item_on_display_a
D:2:      layout_loops_ring, uniq_robin
D:3:      layout_basic
D:4:      layout_cave_pools, temple_fountains, uniq_blork_the_orc
D:5:      layout_basic, serial_shops, shop, grunt_ministairs_1
D:6:      layout_cave_pods, kennysheep_minor_cross
D:7:      layout_loops_ring, uniq_prince_ribbit1
D:8:      layout_cave_pods, lair_entry_dummy, ebering_ghost_funeral_grove,
          enter_bailey_3, grunt_ministairs_13
D:9:      nzn_winding_woodlands_cross [nzn_winding_woodlands_5x15_parted,
          nzn_winding_woodlands_5x15_garden, nzn_winding_woodlands_5x15_eye,
          nzn_winding_woodlands_5x15_pockets,
          nzn_winding_woodlands_15x15_five_gardens], layout_cave_pools
Temple:   minmay_crystal_snake_temple

Skill      XL: |  1  2  3  4  5  6  7  8  9 10 |
---------------+-------------------------------+-----
Spellcasting   | 3 4 5 6 7 |  7.9
Dodging        | 3 4 5 6 7 8 |  8.2
Hexes          | 4 5 6 7 8 |  8.0
Stealth        | 5 6 7 8 9 10 | 10.3
Fighting       | 1 2 3 4 |  4.9
Short Blades   | 2 3 4 5 6 |  6.6
Transmutations | 3 4 |  4.2
Summonings     | 2 |  2.6

Action                   |  1- 3 |  4- 6 |  7- 9 | 10-12 || total
-------------------------+-------+-------+-------+-------++-------
Melee: Dagger            |    56 |    91 |   265 |    79 ||   491
       Punch             |       |     2 |     5 |     1 ||     8
       Bite              |       |       |    34 |    12 ||    46
 Cast: Ensorcelled Hiber |     6 |    24 |    57 |    10 ||    97
       Confusing Touch   |       |       |     5 |       ||     5
       Dazzling Flash    |       |       |     2 |     1 ||     3
       Summon Guardian G |       |       |       |     1 ||     1
Invok: Slimify           |       |       |       |     1 ||     1
  Use: Scroll            |       |       |    11 |     1 ||    12
       Potion            |       |       |     1 |       ||     1
 Stab: Sleeping          |    16 |    18 |    51 |    10 ||    95
       Confused          |       |       |     3 |       ||     3
Armor: Robe              |     3 |     9 |     8 |     4 ||    24
Dodge: Dodged            |    34 |    63 |   226 |    95 ||   418

Table legend: (Time is in decaauts)
 A = Elapsed time spent in this place.
 B = Non-inter-level travel time spent in this place.
 C = Inter-level travel time spent in this place.
 D = Time resting spent in this place.
 E = Time spent auto-exploring this place.
 F = Levels seen in this place.
 G = Mean time per level.
                   A        B        C        D        E       F      G
               +--------+--------+--------+--------+--------+-----+--------+
         Total |   5180 |   4998 |    182 |    265 |   3075 |  11 |  470.9 |
       Dungeon |   4688 |   4506 |    182 |    133 |   2976 |   9 |  520.9 |
        Temple |    293 |    293 |      0 |    132 |      0 |   1 |  293.0 |
        Bailey |    198 |    198 |      0 |      0 |     99 |   1 |  198.0 |
               +--------+--------+--------+--------+--------+-----+--------+

Top non-repeatable levels by time:
     D:1: 937 daAuts
     D:6: 687 daAuts
     D:8: 596 daAuts
     D:5: 539 daAuts
     D:3: 480 daAuts
     D:4: 464 daAuts
     D:2: 439 daAuts
     D:7: 393 daAuts
  Temple: 293 daAuts
  Bailey: 198 daAuts
     D:9: 149 daAuts
